 Dungeon Crawl Stone Soup version 0.29.1-2-gbd0b4ee654 (webtiles) character file.

Game seed: 17828900281349998155

1465 Groucho the Covert (level 8, -8/39 HPs)
             Began as a Spriggan Enchanter on Nov 14, 2022.
             Was a Follower of Dithmenos.
             Killed from afar by an electric eel (9 damage)
             ... with a bolt of electricity
             ... on level 5 of the Dungeon.
             The game lasted 00:15:28 (10302 turns).

Groucho the Covert (Spriggan Enchanter)            Turns: 10302, Time: 00:15:29

Health: -8/39      AC:  6    Str:  6    XL:     8   Next: 48%
Magic:  10/18      EV: 17    Int: 16    God:    Dithmenos [*.....]
Gold:   243        SH:  0    Dex: 16    Spells: 10/19 levels left

rFire   . . .      SeeInvis +   a - +1 dagger
rCold   + . .      Faith    .   (no shield)
rNeg    . . .      Spirit   .   C - +0 steam dragon scales
rPois   .          Reflect  .   (helmet restricted)
rElec   .          Harm     .   x - +0 cloak
rCorr   .          Rampage  .   (gloves unavailable)
Will    +....                   (boots unavailable)
Stlth   ++++++....              (no amulet)
HPRegen 0.13/turn               p - ring of protection from cold
MPRegen 0.16/turn               (no ring)

@: wreathed by umbra, very quick
A: very small, no large weapons, unfitting armour, see invisible, speed 3
a: Renounce Religion


You were on level 5 of the Dungeon.
You worshipped Dithmenos.
Dithmenos was aware of your devotion.
You visited 2 branches of the dungeon, and saw 6 of its levels.
You also visited: Sewer.

You collected 243 gold pieces.

Inventory:

Hand Weapons
 a - a +1 dagger (weapon)
Missiles
 m - 36 stones (quivered)
 z - 8 boomerangs
Armour
 x - a +0 cloak (worn)
 y - a +2 robe of willpower
 C - +0 steam dragon scales (worn)
Jewellery
 p - a ring of protection from cold (left hand)
Wands
 b - a wand of charming (14)
 s - a wand of iceblast (2)
 v - a wand of flame (34)
Scrolls
 e - a scroll of acquirement {unknown}
 f - a scroll of enchant armour {unknown}
 g - 2 scrolls of vulnerability {unknown}
 h - a scroll of noise {unknown}
 i - 4 scrolls of teleportation {unknown}
 j - 7 scrolls of identify {unknown}
 n - a scroll of blinking {unknown}
 o - a scroll of magic mapping {unknown}
 q - a scroll of butterflies {unknown}
 B - a scroll of enchant weapon {unknown}
 D - a scroll of fear {unknown}
 E - a scroll of immolation {unknown}
 F - a scroll of silence {unknown}
Potions
 c - a potion of invisibility
 d - a potion of brilliance {unknown}
 k - 2 potions of mutation {unknown}
 l - a potion of magic {unknown}
 r - a potion of heal wounds {unknown}
 t - a potion of might {unknown}
 u - a potion of attraction {unknown}
 w - a potion of degeneration {unknown}
 A - 2 potions of ambrosia {unknown}


   Skills:
 + Level 1.9 Fighting
 + Level 2.9 Short Blades
 - Level 2.6 Dodging
 * Level 11.6 Stealth
 + Level 6.4 Spellcasting
 + Level 7.0 Hexes


You had 10 spell levels left.
You knew the following spells:

 Your Spells              Type           Power      Damage    Failure   Level
a - Ensorcelled Hibernat  Hex/Ice        32%        N/A       4%          2
b - Confusing Touch       Hex            27%        N/A       2%          3
c - Dazzling Flash        Conj/Hex       32%        N/A       10%         3
d - Sting                 Tmut/Pois      20%        1d4       13%         1

Your spell library contained the following spells:

 Spells                   Type           Power      Damage    Failure   Level
 Tukima's Dance           Hex            27%        N/A       2%          3
 Necrotise                Necr           20%        1d5       13%         1
 Poisonous Vapours        Pois/Air       10%        N/A       21%         2
 Ozocubu's Armour         Ice            5%         N/A       36%         3
 Vampiric Draining        Necr           5%         2d6       36%         3
 Olgreb's Toxic Radiance  Pois           5%         N/A       78%         4
 Agony                    Necr           5%         N/A       98%         5
 Ozocubu's Refrigeration  Ice            2%         4d8       100%        7


Dungeon Overview and Level Annotations

Branches:
Dungeon (5/15)             Temple (1/1) D:4           Sewer (visited)

Altars:
Ashenzari
Cheibriados
Dithmenos
Elyvilon
Fedhas
Gozag
Hepliaklqana
Kikubaaqudgha
Makhleb
Nemelex Xobeh
Okawaru
Qazlal
Ru
Sif Muna
Trog
Uskayaw
Vehumet
Wu Jian
Yredelemnul
Zin
The Shining One

Annotations:
D:5 4 runed translucent doors


Innate Abilities, Weirdness & Mutations

You are very small and have problems with some larger weapons.
You are too small for most types of armour.
You have supernaturally acute eyesight. (SInv)
You cover ground extremely quickly. (Speed+++)


Message History

Casting: Ensorcelled Hibernation (safe; 4% risk of failure)
Confirm with . or Enter, or press ? or * to list all spells.
Aiming: Ensorcelled Hibernation (safe; 4% risk of failure)
Press: ? - help, Shift-Dir - straight line, f - electric eel
Aim: an electric eel (water, umbra, chance to affect: 58%)
The electric eel resists with significant effort.
Casting: Ensorcelled Hibernation (safe; 4% risk of failure)
Confirm with . or Enter, or press ? or * to list all spells.
Aiming: Ensorcelled Hibernation (safe; 4% risk of failure)
Press: ? - help, Shift-Dir - straight line, f/p - electric eel
Aim: an electric eel (water, umbra, chance to affect: 58%)
The electric eel resists with significant effort.
The electric eel shoots out a bolt of lightning at you!
The bolt of electricity hits you.
The bolt of electricity hits the plant!
The plant begins to die.
The bolt of electricity hits the plant!
The plant begins to die.
Casting: Ensorcelled Hibernation (safe; 4% risk of failure)
Confirm with . or Enter, or press ? or * to list all spells.
Aiming: Ensorcelled Hibernation (safe; 4% risk of failure)
Press: ? - help, Shift-Dir - straight line, f/p - electric eel
Aim: an electric eel (water, umbra, chance to affect: 58%)
The electric eel resists with significant effort.
The electric eel shoots out a bolt of lightning at you!
The bolt of electricity hits you. The bolt of electricity hits you!
Casting: Ensorcelled Hibernation (safe; 4% risk of failure)
Confirm with . or Enter, or press ? or * to list all spells.
Aiming: Ensorcelled Hibernation (safe; 4% risk of failure)
Press: ? - help, Shift-Dir - straight line, f/p - electric eel
Aim: an electric eel (water, umbra, chance to affect: 58%)
The electric eel resists with significant effort.
The electric eel shoots out a bolt of lightning at you!
The bolt of electricity hits you!
* * * LOW HITPOINT WARNING * * *
The bolt of electricity hits the plant! x2
The electric eel shoots out a bolt of lightning at you!
The bolt of electricity hits you!
* * * LOW HITPOINT WARNING * * *
The electric eel shoots out a bolt of lightning at you!
The bolt of electricity hits you!
You die...

#.# .. .P~~S##'#....##..#
###.##### .# .PP)S≈#.#.##.##..#
#.......# ~# ..~.(≈#.#.##.##..#
#.#.###.###~# ..P$≈≈#~#.##.##..#
#.#.###.##~~# .~?.S##~#........#
#..#.##.##)##########~##.##.###.#
#.###.#.#..#..^..≈##~###.##.###.#
#.<#..#.#.#'..P~SS≈#~# #........#
#.#.....#~#.....@.≈#.###....#####
#.#.....#~#....P?S≈#.#..........>
#.......#~##..P~$≈##.###.....####
##.##.####.########.## ##.#.##
#.#### ##....~~~~## #.### #.#
########## #.# #.# ##.#'# #.#
##.##### ##.#..#########.#
.......####.###...........#


You could see 3 electric eels.

Vanquished Creatures
  A shadow (D:5)
  A steam dragon (D:5)
  An ice beast (D:5)
  Pargi (Sewer)
  An orc warrior (D:5)
  A black bear (D:3)
  An ogre (D:4)
  A scorpion (D:5)
  2 hounds
  A jelly (D:5)
  5 orc priests
  3 orc wizards
  4 iguanas
  5 adders
  8 gnolls
  A white imp (D:5)
  An ufetubus (D:5)
  A worm (D:3)
  A dart slug (D:1)
  17 orcs
  8 endoplasms
  4 giant cockroaches
  7 goblins
  10 hobgoblins
  6 jackals
  9 quokkas
  5 ball pythons
  5 bats
  5 frilled lizards
  6 kobolds
  4 rats (D:2)
126 creatures vanquished.

Notes
Turn   | Place    | Note
-------+----------+-------------------------------------------
     0 | D:1      | Groucho the Spriggan Enchanter began the quest for the Orb.
     0 | D:1      | Reached XP level 1. HP: 9/9 MP: 5/5
   331 | D:1      | Reached XP level 2. HP: 7/13 MP: 6/6
   761 | D:1      | Learned a level 2 spell: Ensorcelled Hibernation
   772 | D:1      | Reached skill level 5 in Stealth
   838 | D:1      | Found a faded altar of an unknown god.
  1946 | D:2      | Reached XP level 3. HP: 10/16 MP: 8/8
  2738 | D:2      | Reached skill level 6 in Stealth
  2850 | D:2      | Reached XP level 4. HP: 13/21 MP: 7/10
  3069 | D:2      | Learned a level 3 spell: Confusing Touch
  3073 | D:2      | Learned a level 3 spell: Dazzling Flash
  3075 | D:2      | Learned a level 1 spell: Sting
  3853 | D:3      | Noticed a black bear
  3877 | D:3      | Killed a black bear
  3878 | D:3      | Reached skill level 7 in Stealth
  3878 | D:3      | Reached XP level 5. HP: 7/24 MP: 3/12
  4313 | D:3      | Found a glowing drain.
  4317 | Sewer    | Entered a sewer
  4474 | Sewer    | Noticed Pargi
  4479 | Sewer    | Killed Pargi
  4480 | Sewer    | Reached skill level 8 in Stealth
  4480 | Sewer    | Reached skill level 5 in Hexes
  4480 | Sewer    | Reached XP level 6. HP: 20/28 MP: 8/13
  4660 | D:3      | Found a sacrificial altar of Ru.
  4780 | D:3      | You fall into a shaft and drop 1 floor!
  5365 | D:4      | Found a staircase to the Ecumenical Temple.
  5385 | Temple   | Entered the Ecumenical Temple
  5385 | Temple   | Found a transporter.
  5385 | Temple   | Found a transporter.
  5387 | Temple   | Found a transporter.
  5387 | Temple   | Found a transporter.
  5439 | Temple   | Became a worshipper of Dithmenos the Shadowed
  5630 | D:4      | Reached skill level 9 in Stealth
  6116 | D:4      | Reached skill level 5 in Spellcasting
  6124 | D:4      | Reached XP level 7. HP: 20/32 MP: 3/15
  7268 | D:5      | Entered Level 5 of the Dungeon
  7493 | D:5      | Reached skill level 10 in Stealth
  7854 | D:5      | Noticed a shadow
  7864 | D:5      | Killed a shadow
  7920 | D:5      | Found a large runed translucent door.
  7920 | D:5      | Found a large runed translucent door.
  7920 | D:5      | Noticed a vampire
  7960 | D:5      | Noticed a troll
  7966 | D:5      | Found a large runed translucent door.
  7966 | D:5      | Found a large runed translucent door.
  7966 | D:5      | Noticed a steam dragon
  7973 | D:5      | Killed a steam dragon
  7974 | D:5      | Reached skill level 1 in Fighting
  7974 | D:5      | Reached XP level 8. HP: 37/37 MP: 10/17
  8648 | D:5      | Found a radiant altar of Vehumet.
  8670 | D:5      | Reached skill level 11 in Stealth
  8675 | D:5      | Reached * piety under Dithmenos
 10302 | D:5      | HP: 1/39 [electric eel/bolt of electricity (7)]
 10302 | D:5      | Killed from afar by an electric eel

Illustrated notes

Levels and vault maps discovered:
D:1:      wander_arrival_peaceful_grave, layout_basic,
          hellmonk_ecumenical_altar_pennies_from_heaven, grunt_decor_arrowhead,
          chequers_serial_rivers_marsh
D:2:      layout_basic, corexii_hall_statues_i
D:3:      layout_basic, mainiacjoe_overflow_concentric_impassable,
          gup_sewer_entry_bowl
D:4:      layout_basic, minmay_temple_entry_offerings
D:5:      cheibrodos_two_vegetables, layout_loops_corners, old_standard_altar,
          minmay_misc_feat_room, minmay_hollow_rounded_squares
Temple:   hellmonk_temple_divided_pantheon

Skill      XL: |  1  2  3  4  5  6  7  8 |
---------------+-------------------------+-----
Stealth        | 5 6 7 8 9 10 11 | 11.6
Spellcasting   | 3 4 5 6 |  6.4
Hexes          | 4 5 6 7 |  7.0
Fighting       | 1 |  1.9
Short Blades   | 2 |  2.9
Dodging        | |  2.6

Action                   |  1- 3 |  4- 6 |  7- 9 || total
-------------------------+-------+-------+-------++-------
Melee: Dagger            |   119 |   120 |   103 ||   342
       Punch             |     2 |       |     3 ||     5
 Cast: Ensorcelled Hiber |     7 |    38 |    48 ||    93
       Sting             |       |     7 |       ||     7
       Confusing Touch   |       |       |     2 ||     2
  Use: Potion            |     1 |       |       ||     1
 Stab: Invisible         |     2 |       |       ||     2
       Sleeping          |    13 |    30 |    35 ||    78
       Distracted        |     1 |       |       ||     1
       Confused          |       |       |     2 ||     2
Armor: Robe              |    11 |     7 |     4 ||    22
       Steam dragon scal |       |       |     7 ||     7
Dodge: Dodged            |    89 |    85 |    67 ||   241
